 Dungeon Crawl Stone Soup version 0.20.1-1-g8b1a95d (webtiles) character file.

139 Peloso the Shield-Bearer (level 5, -1/49 HPs)
             Began as a Deep Dwarf Fighter on Sept 12, 2017.
             Killed by divine providence
             ... invoked by an orc priest
              (7 damage)
             ... on level 3 of the Dungeon.
             The game lasted 00:06:24 (2577 turns).

Peloso the Shield-Bearer (Deep Dwarf Fighter)       Turns: 2577, Time: 00:06:24

Health: -1/49      AC:  9    Str: 21    XL:     5   Next: 1%
Magic:  5/5        EV:  5    Int:  8    God:
Gold:   178        SH: 10    Dex: 12    Spells: 4/4 levels left

rFire    x . .     SeeInvis .   a - +0 long sword
rCold    + . .     Gourm    .   c - +1 shield
rNeg     . . .     Faith    .   h - +0 chain mail
rPois    .         Spirit   .   (no helmet)
rElec    .         Reflect  .   (no cloak)
rCorr    .         Harm     .   (no gloves)
MR       .....                  (no boots)
Stlth    ..........             (no amulet)
Regen    0.0/turn               m - ring of ice
MPRegen  0.1/turn               (no ring)

@: non-regenerating
A: damage resistance, heal wounds, sense surroundings 1, no regeneration
a: Heal Wounds


You were on level 3 of the Dungeon.
You were hungry.

You visited 1 branch of the dungeon, and saw 3 of its levels.

You collected 178 gold pieces.

Inventory:

Hand Weapons
 a - a +0 long sword (weapon)
Armour
 c - a +1 shield (worn)
 h - a +0 chain mail (worn)
Jewellery
 m - a ring of ice (left hand)
Potions
 d - 3 potions of might
 e - a potion of curing
 j - a potion of berserk rage
 l - a potion of heal wounds {unknown}
Comestibles
 b - 2 chunks of flesh
 f - 2 bread rations


   Skills:
 + Level 3.3 Fighting
 + Level 3.4 Long Blades
 + Level 4.0 Armour
 + Level 0.2 Dodging
 + Level 4.1 Shields


You had 4 spell levels left.
You didn't know any spells.

Dungeon Overview and Level Annotations

Branches:
Dungeon (3/15)

Altars:
Gozag


Innate Abilities, Weirdness & Mutations

You are resistant to damage.
You can heal yourself by infusing magical energy.
You passively map a small area around you.
You do not regenerate.


Message History

You kill the orc!
You see here a hand axe of electrocution.
There is a stone staircase leading down here.
You climb downwards.
There is a stone staircase leading up here.
Items here: )) [ †† a flail; a ring mail; a club; an orc corpse x2
The orc priest invokes the aid of Beogh against you.
Beogh smites you!
You closely miss the orc priest.
The orc priest calls down the wrath of Beogh upon you.
Beogh smites you!
* * * LOW HITPOINT WARNING * * *
You hit the orc priest but do no damage.
You block the orc priest's attack.
You hit the orc priest.
The orc priest is lightly wounded.
The orc priest invokes the aid of Beogh against you.
Beogh smites you!
You die...

,#?.#...#≈≈#... *
#...###≈..≈###.. ,
,#...............
,
,,#.o.o...........
, #.######.###.##
, #.* #<#..##.# ,
#. #)##o##.# #o
#.##.##.# * * #o
#@##.##.# #?
#o##..#.# *
#)###o#.# ,, *,
,#.# #.#.#
####.###...##### *
#......oo........*
*
#.##.####..######
* * #, #.# #.>...
, ..# #######


You could see an orc priest.

Vanquished Creatures
  5 gnolls
  3 adders (D:2)
  3 dart slugs
  4 orcs
  4 giant cockroaches
  5 goblins
  10 hobgoblins
  A quokka (D:2)
  5 bats
  4 frilled lizards
  6 kobolds
  3 rats (D:1)
53 creatures vanquished.

Notes
Turn   | Place    | Note
-------+----------+-------------------------------------------
     0 | D:1      | Peloso the Deep Dwarf Fighter began the quest for the Orb.
     0 | D:1      | Reached XP level 1. HP: 20/20 MP: 1/1
   260 | D:1      | Reached XP level 2. HP: 9/28 MP: 2/2
   415 | D:1      | Reached XP level 3. HP: 32/34 MP: 3/3
  1317 | D:2      | Found an opulent altar of Gozag.
  1379 | D:2      | Reached XP level 4. HP: 25/42 MP: 4/4
  2562 | D:3      | Reached XP level 5. HP: 37/49 MP: 5/5
  2577 | D:3      | Killed from afar by an orc priest

Skill      XL: |  1  2  3  4 |
---------------+-------------+-----
Fighting       | 3 |  3.3
Shields        | 4 |  4.1
Long Blades    | 3 |  3.4
Armour         | 4 |  4.0
Dodging        | |  0.2

Action                   |  1- 3 |  4- 6 || total
-------------------------+-------+-------++-------
Melee: Long sword        |   112 |    63 ||   175
 Abil: Heal Wounds       |     1 |     2 ||     3
  Use: Scroll            |       |     6 ||     6
  Eat: Chunk             |     1 |     4 ||     5
Armor: Scale mail        |    19 |       ||    19
       Chain mail        |    31 |    25 ||    56
Dodge: Dodged            |    28 |    10 ||    38
Block: Shield            |    54 |    30 ||    84
       Rpst.: Long sword |     6 |     2 ||     8
